AoeStats
← freddych0p

Arabia

510364272Analyzed
1v1 RM · 2d ago on Sep 30, 2026· 61m 12s· 2 players
Game mode
Random Map
Map size
Tiny (2 player)
Population
200
Speed
Normal
Resources
Standard
Victory
Conquest
Starting age
Dark Age
Ending age
Imperial Age
RankedLock teamsTeams togetherTeam positionsShared explorationLock speedFull tech treeHidden civsTurbo modeCheats
Victory
Defeat
🇺🇸 Bulgarians · United States
1258
+16
🇵🇱 Hindustanis · Poland
1255
-16
Ptasior
4:01 Loom
9:28 Feudal Age
10:05 Double-Bit Axe
10:42 Horse Collar
20:03 Castle Age
18:29 Stone Mining
19:48 Fletching
19:55 Gold Mining
22:23 Bow Saw
21:46 Crossbowman
26:45 Heavy Plow
28:28 Wheelbarrow
29:02 Scale Barding Armor
29:37 Scale Mail Armor
30:57 Husbandry
31:35 Forging
35:45 Imperial Age
34:21 Gold Shaft Mining
34:31 Stone Shaft Mining
34:39 Bloodlines
35:15 Ballistics
35:21 Chain Barding Armor
34:35 Elite Skirmisher
35:23 Pikeman
37:07 Iron Casting
38:01 Chemistry
37:02 Heavy Camel Rider
37:40 Town Watch
38:54 Plate Barding Armor
39:57 Blast Furnace
39:17 Squires
39:38 Chain Mail Armor
39:39 Light Cavalry
41:40 Hand Cart
41:45 Bodkin Arrow
42:43 Conscription
44:15 Two-Man Saw
46:19 Thumb Ring
48:52 Bracer
48:54 Padded Archer Armor
48:26 Imperial Camel Rider
49:40 Hussar
50:58 Leather Archer Armor
52:06 Man-at-Arms
52:57 Town Patrol
54:40 Masonry
54:10 Long Swordsman
55:29 Two-Handed Swordsman
57:33 Siege Elephant
freddych0p
7:16 Loom
10:16 Feudal Age
12:45 Horse Collar
12:53 Double-Bit Axe
15:39 Padded Archer Armor
15:48 Scale Barding Armor
18:34 Fletching
23:24 Castle Age
21:32 Gold Mining
22:16 Bloodlines
22:27 Forging
23:25 Elite Skirmisher
24:17 Bow Saw
24:37 Chain Barding Armor
24:43 Husbandry
25:30 Bodkin Arrow
25:06 Light Cavalry
27:34 Iron Casting
27:12 Heavy Plow
30:42 Town Watch
31:36 Wheelbarrow
31:25 Squires
33:06 Leather Archer Armor
32:52 Scale Mail Armor
32:17 Pikeman
34:04 Hand Cart
38:27 Imperial Age
36:18 Gambesons
36:19 Arson
38:31 Chain Mail Armor
39:10 Bagains
39:31 Conscription
40:11 Plate Mail Armor
40:37 Plate Barding Armor
41:22 Crop Rotation
40:40 Cavalier
42:47 Blast Furnace
42:11 Ballistics
42:56 Murder Holes
44:02 Chemistry
43:06 Bracer
43:14 Hussar
44:22 Stirrups
44:26 Halberdier
45:22 Thumb Ring
46:50 Masonry
47:10 Stone Mining
47:40 Capped Ram
48:01 Elite Konnik
51:43 Siege Ram
51:44 Heavy Scorpion
58:58 Siege Engineers
Connection lost

Rejoining the realm…

Still unreachable

The connection could not be restored.

Session expired

The server has moved on; the page needs a fresh start.